 Dungeon Crawl Stone Soup version 0.23-a0-321-g6bcb69f (webtiles) character file.

5959 epen the Nimble (level 10, -7/79 HPs)
             Began as a Gnoll Gladiator on Oct 15, 2018.
             Was an Elder of Okawaru.
             Killed from afar by Erica (26 damage)
             ... with an orb of energy
             ... on level 10 of the Dungeon.
             The game lasted 00:12:22 (10098 turns).

epen the Nimble (Gnoll Gladiator)                  Turns: 10098, Time: 00:12:23

Health: -7/79      AC: 12    Str: 25    XL:     10   Next: 84%
Magic:  18/18      EV: 16    Int: 10    God:    Okawaru [****..]
Gold:   594        SH:  0    Dex: 17    Spells: 20/20 levels left

rFire    . . .     SeeInvis .   F - +5 flail (crush)
rCold    . . .     Gourm    .   (no shield)
rNeg     . . .     Faith    .   O - +0 scale mail
rPois    .         Spirit   .   c - +1 helmet
rElec    .         Reflect  .   N - +0 cloak (curse)
rCorr    .         Harm     .   B - +0 pair of gloves
MR       .....                  (no boots)
Stlth    +++.......             (no amulet)
HPRegen  0.23/turn              q - ring of stealth
MPRegen  0.16/turn              s - +5 ring of strength

@: marked, slowed, very slow
A: distributed training, fangs 1, strong nose
a: Heroism, Renounce Religion


You were on level 10 of the Dungeon.
You worshipped Okawaru.
Okawaru was greatly pleased with you.
You were hungry.

You visited 2 branches of the dungeon, and saw 11 of its levels.

You collected 594 gold pieces.

Inventory:

Hand Weapons
 a - a +0 long sword
 r - a +2 short sword of venom
 F - a +5 flail of crushing (weapon)
 K - a +1 battleaxe of flaming
Missiles
 d - 3 throwing nets (quivered)
 J - 6 javelins of penetration
 M - 2 poisoned javelins
Armour
 b - a +0 leather armour
 c - a +1 helmet (worn)
 t - a +0 ring mail
 B - a +0 pair of gloves (worn)
 D - a +0 cloak
 N - a cursed +0 cloak (worn)
 O - a +0 scale mail (worn)
Jewellery
 o - an uncursed ring of flight
 q - a ring of stealth (left hand)
 s - a +5 ring of strength (right hand)
Wands
 w - a wand of paralysis (16)
 x - a wand of flame (62)
 A - a wand of enslavement (14)
 I - a wand of random effects (24)
 L - a wand of polymorph (12)
 P - a wand of digging (19)
 Q - a wand of acid (13)
Scrolls
 h - 2 scrolls of blinking
 i - 2 scrolls of immolation
 k - 2 scrolls of remove curse
 m - 4 scrolls of enchant armour
 u - 10 scrolls of identify
 v - 3 scrolls of fear
 y - 6 scrolls of teleportation
 E - 3 scrolls of enchant weapon
 G - a scroll of magic mapping {unknown}
 H - a scroll of fog {unknown}
Potions
 e - 3 potions of magic
 g - 2 potions of flight {unknown}
 j - a potion of lignification {unknown}
 l - 2 potions of curing
 n - a potion of haste {unknown}
 p - 3 potions of might
 z - a potion of mutation {unknown}
 C - a potion of ambrosia {unknown}
Comestibles
 f - 24 rations


   Skills:
 + Level 7.3 Fighting
 + Level 5.5 Short Blades
 + Level 8.7 Long Blades
 + Level 5.5 Axes
 + Level 5.5 Maces & Flails
 + Level 5.5 Polearms
 + Level 5.5 Staves
 + Level 5.5 Slings
 + Level 5.5 Bows
 + Level 5.5 Crossbows
 + Level 7.3 Throwing
 + Level 5.5 Armour
 + Level 8.7 Dodging
 + Level 5.5 Stealth
 + Level 5.5 Shields
 + Level 5.5 Unarmed Combat
 + Level 5.5 Spellcasting
 + Level 4.6 Conjurations
 + Level 4.6 Hexes
 + Level 4.6 Charms
 + Level 4.6 Summonings
 + Level 4.6 Necromancy
 + Level 4.6 Translocations
 + Level 4.6 Transmutations
 + Level 4.6 Fire Magic
 + Level 4.6 Ice Magic
 + Level 4.6 Air Magic
 + Level 4.6 Earth Magic
 + Level 4.6 Poison Magic
 + Level 6.1 Invocations
 + Level 5.5 Evocations


You had 20 spell levels left.
You didn't know any spells.
Your spell library contained the following spells:

 Spells                   Type           Power        Failure   Level  Hunger
 Sandblast                Erth           ##....       8%          1    None
 Passwall                 Tmut/Erth      ##......     11%         2    ##.....
 Stone Arrow              Conj/Erth      ##....       22%         3    ###....
 Petrify                  Tmut/Erth      ##......     58%         4    ####...
 Lee's Rapid Deconstruct  Erth           ##........   90%         5    ######.


Dungeon Overview and Level Annotations

Branches:
Dungeon (10/15)            Temple (1/1) D:4            Lair (0/6) D:8
    Orc: D:9-12

Altars:
Ashenzari
Cheibriados
Dithmenos
Elyvilon
Fedhas
Gozag
Hepliaklqana
Kikubaaqudgha
Nemelex Xobeh
Okawaru
Ru
Trog
Uskayaw
Vehumet
Wu Jian
Xom
Yredelemnul
Zin
The Shining One

Annotations:
D:10 Erica


Innate Abilities, Weirdness & Mutations

Your experience applies equally to all skills.
You have very sharp teeth.
Your uncanny sense of smell can sniff out nearby items.


Message History

* * * LOW HITPOINT WARNING * * *
Something burns you.
* * * LOW HITPOINT WARNING * * *
As you read the scroll of fear, it crumbles to dust.
You assume a fearsome visage.
You see here 20 stones.
You feel like a meek peon again.
Evoke which item? (* to show all) (? for menu, Esc to quit)
Okay, then.
Evoke which item? (* to show all) (? for menu, Esc to quit)
Aiming: Corrosive Bolt
Press: ? - help, Shift-Dir - straight line, f - Erica
Aim: Erica, wielding a +4 scimitar of flaming and wearing a +0 robe (moderately Out of range.
Okay, then.
Erica mumbles some strange words.
Erica flickers and vanishes!
An orb of energy appears from out of thin air!
The orb of energy hits you!
You die...

.# ############.........#
.# #.....#.........# .#
#.....#.{.......# .#
#.....#.........# .#
#.....#.........# ##
#.....#....###..#
##....#....###..#
##'###.........#
##########....#.@.......#
#........#....#.........#
#........#....#.........#
#.....#..#....#..######.#
#........#....#.........#
#........#....#.........#
#........'.[..#.........#
#........######.........#
#.>....### ###'##.....#


There were no monsters in sight!

Vanquished Creatures
  Harold (D:10)
  A two-headed ogre (D:8)
  Pikel (D:4)
  2 hippogriffs
  Sigmund (D:6)
  A hungry ghost (D:7)
  Edmund (D:5)
  Duvessa (D:4)
  2 necrophages (D:10)
  2 phantoms
  A sky beast (D:9)
  2 black bears
  4 orc warriors
  5 ogres
  A slave (D:4)
  3 centaurs
  4 bullfrogs
  Blork the orc (D:6)
  Dowan (D:4)
  2 scorpions
  A howler monkey (D:8)
  3 crimson imps
  Crazy Yiuf (D:4)
  2 jellies (D:7)
  5 hounds
  A centaur skeleton (D:8)
  5 orc priests
  3 bullfrog skeletons
  4 orc wizards
  2 iguanas
  4 worker ants
  A hound zombie (D:6)
  7 gnolls
  9 adders
  3 shadow imps
  2 oozes
  2 worms
  3 dart slugs
  6 leopard geckos
  22 orcs
  2 ball pythons
  A giant cockroach (D:2)
  2 goblins (D:2)
  6 hobgoblins
  8 jackals
  3 quokkas
  10 bats
  5 frilled lizards
  5 kobolds
  A quokka skeleton (D:5)
  7 rats
173 creatures vanquished.

Notes
Turn   | Place    | Note
-------+----------+-------------------------------------------
     0 | D:1      | epen the Gnoll Gladiator began the quest for the Orb.
     0 | D:1      | Reached XP level 1. HP: 20/20 MP: 1/1
   114 | D:1      | Reached XP level 2. HP: 19/26 MP: 2/2
   921 | D:2      | Reached XP level 3. HP: 31/31 MP: 3/3
  1084 | D:2      | Noticed a moth of wrath
  1087 | D:2      | Found a bloodstained altar of Trog.
  1204 | D:2      | Reached skill level 1 in Invocations
  1302 | D:2      | Reached skill level 1 in Short Blades
  1302 | D:2      | Reached skill level 1 in Axes
  1302 | D:2      | Reached skill level 1 in Maces & Flails
  1302 | D:2      | Reached skill level 1 in Polearms
  1302 | D:2      | Reached skill level 1 in Staves
  1302 | D:2      | Reached skill level 1 in Slings
  1302 | D:2      | Reached skill level 1 in Bows
  1302 | D:2      | Reached skill level 1 in Crossbows
  1302 | D:2      | Reached skill level 1 in Armour
  1302 | D:2      | Reached skill level 1 in Stealth
  1302 | D:2      | Reached skill level 1 in Shields
  1302 | D:2      | Reached skill level 1 in Unarmed Combat
  1302 | D:2      | Reached skill level 1 in Spellcasting
  1302 | D:2      | Reached skill level 1 in Evocations
  1345 | D:2      | Reached XP level 4. HP: 37/38 MP: 5/5
  1592 | D:2      | Found a snail-covered altar of Cheibriados.
  1594 | D:2      | Found a radiant altar of Vehumet.
  1596 | D:3      | Found a hide-covered altar of Uskayaw.
  1904 | D:3      | Reached skill level 1 in Conjurations
  1904 | D:3      | Reached skill level 1 in Hexes
  1904 | D:3      | Reached skill level 1 in Charms
  1904 | D:3      | Reached skill level 1 in Summonings
  1904 | D:3      | Reached skill level 1 in Necromancy
  1904 | D:3      | Reached skill level 1 in Translocations
  1904 | D:3      | Reached skill level 1 in Transmutations
  1904 | D:3      | Reached skill level 1 in Fire Magic
  1904 | D:3      | Reached skill level 1 in Ice Magic
  1904 | D:3      | Reached skill level 1 in Air Magic
  1904 | D:3      | Reached skill level 1 in Earth Magic
  1904 | D:3      | Reached skill level 1 in Poison Magic
  2109 | D:3      | Reached XP level 5. HP: 43/43 MP: 6/6
  2642 | D:4      | Found a blossoming altar of Fedhas.
  2644 | D:4      | Found an ancient bone altar of Kikubaaqudgha.
  2666 | D:4      | Found a staircase to the Ecumenical Temple.
  2671 | D:4      | Noticed a slave
  2673 | D:4      | Noticed a slave
  2673 | D:4      | Noticed Pikel
  2673 | D:4      | Noticed a slave
  2675 | D:4      | Noticed a slave
  2676 | Temple   | Entered the Ecumenical Temple
  2795 | Temple   | Became a worshipper of Warmaster Okawaru
  2822 | D:4      | Killed a slave
  2832 | D:4      | Killed Pikel
  2832 | D:4      | Reached * piety under Okawaru
  2832 | D:4      | Reached skill level 5 in Fighting
  2832 | D:4      | Reached skill level 5 in Throwing
  2832 | D:4      | Reached XP level 6. HP: 42/51 MP: 7/9
  2832 | D:4      | Reached XP level 7. HP: 46/56 MP: 7/10
  2934 | D:4      | Noticed Dowan
  2939 | D:4      | Noticed Duvessa
  2956 | D:4      | Killed Duvessa
  2965 | D:4      | Killed Dowan
  3206 | D:4      | Reached XP level 8. HP: 63/63 MP: 12/12
  3243 | D:4      | Found an iron altar of Okawaru.
  3289 | D:4      | Found a runed door.
  3562 | D:4      | Noticed Crazy Yiuf
  3569 | D:4      | Killed Crazy Yiuf
  3627 | D:5      | Entered Level 5 of the Dungeon
  3653 | D:5      | Noticed Edmund
  3666 | D:5      | Killed Edmund
  3892 | D:5      | Found an opulent altar of Gozag.
  4029 | D:5      | Reached ** piety under Okawaru
  4837 | D:6      | Noticed Sigmund
  4851 | D:6      | Killed Sigmund
  5134 | D:6      | Reached XP level 9. HP: 58/69 MP: 14/14
  5150 | D:6      | Noticed Blork the orc
  5176 | D:6      | Killed Blork the orc
  5740 | D:6      | Found an opulent altar of Gozag.
  5937 | D:6      | Found a glowing golden altar of the Shining One.
  5937 | D:6      | Found a glowing silver altar of Zin.
  6061 | D:6      | Found a white marble altar of Elyvilon.
  7111 | D:7      | Reached *** piety under Okawaru
  7380 | D:7      | Reached skill level 5 in Invocations
  7615 | D:8      | Noticed a two-headed ogre
  7850 | D:8      | Found a staircase to the Lair.
  7876 | D:8      | Received a gift from Okawaru
  8113 | D:8      | Reached XP level 10. HP: 52/77 MP: 15/17
  8480 | D:8      | Killed a two-headed ogre
  8480 | D:8      | Reached **** piety under Okawaru
  8480 | D:8      | Reached skill level 5 in Short Blades
  8480 | D:8      | Reached skill level 5 in Axes
  8480 | D:8      | Reached skill level 5 in Maces & Flails
  8480 | D:8      | Reached skill level 5 in Polearms
  8480 | D:8      | Reached skill level 5 in Staves
  8480 | D:8      | Reached skill level 5 in Slings
  8480 | D:8      | Reached skill level 5 in Bows
  8480 | D:8      | Reached skill level 5 in Crossbows
  8480 | D:8      | Reached skill level 5 in Armour
  8480 | D:8      | Reached skill level 5 in Stealth
  8480 | D:8      | Reached skill level 5 in Shields
  8480 | D:8      | Reached skill level 5 in Unarmed Combat
  8480 | D:8      | Reached skill level 5 in Spellcasting
  8480 | D:8      | Reached skill level 5 in Evocations
  9106 | D:10     | Entered Level 10 of the Dungeon
 10044 | D:10     | Noticed Harold
 10044 | D:10     | Noticed Erica
 10068 | D:10     | Killed Harold
 10068 | D:10     | Reached ***** piety under Okawaru
 10098 | D:10     | Killed from afar by Erica

Vault maps used:
D:1:      lightli_arrival_lavapool
D:2:      nicolae_overflow_hidden_temple, tgw_trog, first_ration
D:3:      lemuel_crystal_altar, chequers_garden, wad_floor_pattern_2
D:4:      grunt_temple_overflow_growth_and_decay, temple_statues,
          kennysheep_okawaru_gauntlet, uniq_crazy_yiuf_cottage, uniq_duvessa,
          uniq_pikel
D:5:      lemuel_crystal_altar, uniq_edmund
D:6:      good_gods_mini_temple, basic_altar, uniq_sigmund, uniq_blork_the_orc
D:8:      lair_entry_dummy, minivault_1
D:10:     uniq_harold, uniq_erica
Temple:   nicolae_temple_figure_zero

Skill      XL: |  1  2  3  4  5  6  7  8  9 10 |
---------------+-------------------------------+-----
Invocations    | 1 2 3 4 5 6 |  6.1
Short Blades   | 1 2 3 4 5 |  5.5
Axes           | 1 2 3 4 5 |  5.5
Maces & Flails | 1 2 3 4 5 |  5.5
Polearms       | 1 2 3 4 5 |  5.5
Staves         | 1 2 3 4 5 |  5.5
Slings         | 1 2 3 4 5 |  5.5
Bows           | 1 2 3 4 5 |  5.5
Crossbows      | 1 2 3 4 5 |  5.5
Armour         | 1 2 3 4 5 |  5.5
Stealth        | 1 2 3 4 5 |  5.5
Shields        | 1 2 3 4 5 |  5.5
Unarmed Combat | 1 2 3 4 5 |  5.5
Spellcasting   | 1 2 3 4 5 |  5.5
Evocations     | 1 2 3 4 5 |  5.5
Conjurations   | 1 2 3 4 |  4.6
Hexes          | 1 2 3 4 |  4.6
Charms         | 1 2 3 4 |  4.6
Summonings     | 1 2 3 4 |  4.6
Necromancy     | 1 2 3 4 |  4.6
Translocations | 1 2 3 4 |  4.6
Transmutations | 1 2 3 4 |  4.6
Fire Magic     | 1 2 3 4 |  4.6
Ice Magic      | 1 2 3 4 |  4.6
Air Magic      | 1 2 3 4 |  4.6
Earth Magic    | 1 2 3 4 |  4.6
Poison Magic   | 1 2 3 4 |  4.6
Fighting       | 5 6 7 |  7.3
Long Blades    | 7 8 |  8.7
Throwing       | 5 6 7 |  7.3
Dodging        | 7 8 |  8.7

Action                   |  1- 3 |  4- 6 |  7- 9 | 10-12 || total
-------------------------+-------+-------+-------+-------++-------
Melee: Long sword        |    57 |       |       |       ||    57
       Bite              |     9 |    15 |    58 |    16 ||    98
       Short sword       |    22 |    88 |   287 |       ||   397
       Punch             |       |     3 |     7 |     4 ||    14
       Flail             |       |       |    37 |   100 ||   137
Throw: Javelin           |       |       |       |    11 ||    11
Invok: Heroism           |       |       |       |     2 ||     2
  Use: Scroll            |       |     8 |       |     1 ||     9
       Potion            |       |       |       |     1 ||     1
 Stab: Sleeping          |     3 |     4 |    12 |     4 ||    23
  Eat: Chunk             |     1 |     5 |    18 |     4 ||    28
       Ration            |       |       |     1 |       ||     1
Armor: Leather armour    |    16 |     7 |       |       ||    23
       Ring mail         |       |     8 |    73 |     3 ||    84
       Scale mail        |       |       |       |    29 ||    29
Dodge: Dodged            |    61 |    54 |   200 |    78 ||   393
       Rpst.: Long sword |    17 |       |       |       ||    17

Table legend:
 A = Non-vault XP
 B = Vault XP
 C = Vault XP percentage of total XP
 D = Non-vault monster count
 E = Vault monster count
 F = Vault count percentage of total count
                 A         B        C        D         E       F
            +---------+---------+-------+---------+---------+-------
      Total |    6112 |    2401 |  28.2 |     159 |      13 |   7.6
            +---------+---------+-------+---------+---------+-------
        D:1 |      26 |       0 |   0.0 |      13 |       0 |   0.0
        D:2 |      61 |       9 |  12.9 |      19 |       5 |  20.8
        D:3 |     127 |       0 |   0.0 |      21 |       0 |   0.0
        D:4 |     160 |     901 |  84.9 |       9 |       4 |  30.8
        D:5 |     575 |     176 |  23.4 |      17 |       1 |   5.6
        D:6 |     494 |     318 |  39.2 |      15 |       2 |  11.8
        D:7 |    1337 |       0 |   0.0 |      28 |       0 |   0.0
        D:8 |    1645 |       0 |   0.0 |       9 |       0 |   0.0
        D:9 |     489 |       0 |   0.0 |       9 |       0 |   0.0
       D:10 |    1198 |     997 |  45.4 |      19 |       1 |   5.0
            +---------+---------+-------+---------+---------+-------
